 Dungeon Crawl Stone Soup version 0.23-a0-261-g133332c (console) character file.

1023 nht the Digger (level 8, 0/79 HPs)
             Began as an Ogre Earth Elementalist on Sept 29, 2018.
             Slain by a wight
             ... wielding a +5 great sword
              (10 damage)
             ... on level 6 of the Dungeon.
             The game lasted 00:08:17 (3988 turns).

nht the Digger (Ogre Earth Elementalist)            Turns: 3988, Time: 00:08:19

Health: 0/79       AC:  3    Str: 13    XL:     8   Next: 22%
Magic:  2/15       EV:  9    Int: 18    God:
Gold:   269        SH:  0    Dex:  9    Spells: 7/16 levels left

rFire    . . .     SeeInvis .   a - +4 flail (crush)
rCold    . . .     Gourm    +   (no shield)
rNeg     . . .     Faith    .   b - +0 robe {Archmagi}
rPois    .         Spirit   .   (helmet restricted)
rElec    .         Reflect  .   (no cloak)
rCorr    .         Harm     .   (gloves unavailable)
MR       .....                  (boots unavailable)
Stlth    +.........             j - amulet of the gourmand
HPRegen  0.23/turn              (no ring)
MPRegen  0.14/turn              q - ring of flight

@: drained
A: large, unfitting armour, tough skin 1
a: Evoke Flight


You were on level 6 of the Dungeon.
You were not hungry.

You visited 1 branch of the dungeon, and saw 6 of its levels.
You also visited: Sewer.

You collected 269 gold pieces.

Inventory:

Hand Weapons
 a - a +4 flail of crushing (weapon)
Armour
 b - a +0 robe of the Archmagi (worn)
 m - a +2 robe of cold resistance
Jewellery
 j - an amulet of the gourmand (around neck)
 q - a ring of flight (right hand)
Wands
 i - a wand of flame (16)
Scrolls
 c - a scroll of magic mapping
 k - a scroll of identify
 l - 2 scrolls of enchant weapon
 p - 3 scrolls of teleportation
 s - 2 scrolls of blinking
Potions
 h - 3 potions of curing
 n - a potion of resistance
 o - a potion of agility
 r - 4 potions of flight
 t - 2 potions of invisibility
Comestibles
 d - 8 rations


   Skills:
 + Level 4.6(3.8) Fighting
 - Level 1.7(1.0) Dodging
 - Level 1.4(0.7) Stealth
 + Level 4.7(3.9) Spellcasting
   Level 0.8(0.1) Transmutations
 + Level 7.5(6.7) Earth Magic


You had 7 spell levels left.
You knew the following spells:

 Your Spells              Type           Power        Failure   Level  Hunger
a - Sandblast             Erth           #####.       1%          1    None
b - Lee's Rapid Deconstr  Erth           #####.....   26%         5    ######.
c - Stone Arrow           Conj/Erth      ###...       11%         3    ###....

Your spell library contained the following spells:

 Spells                   Type           Power        Failure   Level  Hunger
 Passwall                 Tmut/Erth      ###.....     5%          2    ##.....
 Corona                   Hex            #......      16%         1    None
 Ensorcelled Hibernation  Hex/Ice        #.....       22%         2    ##.....
 Petrify                  Tmut/Erth      ###.....     34%         4    ####...
 Confuse                  Hex            #.......     41%         3    ###....
 Dazzling Spray           Conj/Hex       #.....       41%         3    ###....
 Tukima's Dance           Hex            #.......     41%         3    ###....


Dungeon Overview and Level Annotations

Branches:
Dungeon (6/15)
 Temple: D:4-7

Altars:
Vehumet


Innate Abilities, Weirdness & Mutations

You are too large for most types of armour.
You have tough skin. (AC +1)


Message History

The wight barely misses you.
You closely miss the wight.
The wight is moderately damaged.
The wight barely misses you.
You closely miss the wight.
The wight is moderately damaged.
The wight hits you with an enchanted great sword!!
You barely miss the wight.
The wight is moderately damaged.
The wight barely misses you.
You sock the wight!
The wight is almost destroyed.
The wight hits you with an enchanted great sword!!
* * * LOW HITPOINT WARNING * * *
You feel drained.
* * * LOW HITPOINT WARNING * * *
You barely miss the wight.
The wight is almost destroyed.
The wight hits you with an enchanted great sword!
You die...

█.█ █.█ █.█ █.█ █.█
█>█ █████.█████ █.█
█.........██████.....
█............@z.)...)
█.........██████.....
█.........█ ...


███████████ █ You could see a wight.

Vanquished Creatures
  Edmund (D:4)
  A scorpion (D:6)
  4 wights (D:6)
  2 crimson imps (D:5)
  Jessica (D:2)
  An iguana (D:5)
  7 orc wizards
  3 worker ants
  Robin (D:4)
  12 adders
  3 shadow imps
  5 oozes
  4 worms (Sewer)
  2 dart slugs
  5 leopard geckos
  17 orcs
  3 ball pythons
  9 giant cockroaches
  13 goblins
  6 hobgoblins
  8 jackals
  6 kobolds
  2 quokkas
  A ball python skeleton (D:4)
  14 bats
  6 frilled lizards
  9 rats
146 creatures vanquished.

Notes
Turn   | Place    | Note
-------+----------+-------------------------------------------
     0 | D:1      | nht the Ogre Earth Elementalist began the quest for the
                  | Orb.
     0 | D:1      | Reached XP level 1. HP: 16/16 MP: 3/3
   184 | D:1      | Reached skill level 3 in Earth Magic
   226 | D:1      | Reached XP level 2. HP: 24/24 MP: 3/5
   963 | D:2      | Reached XP level 3. HP: 31/31 MP: 4/6
   967 | D:2      | Reached skill level 4 in Earth Magic
  1020 | D:1      | Reached XP level 4. HP: 16/39 MP: 0/7
  1329 | D:2      | Noticed Jessica
  1330 | D:2      | Killed Jessica
  1368 | D:2      | Reached skill level 5 in Earth Magic
  1373 | D:2      | Reached XP level 5. HP: 45/45 MP: 4/8
  2086 | D:4      | Noticed Edmund
  2114 | D:4      | Killed Edmund
  2114 | D:4      | Reached skill level 6 in Earth Magic
  2114 | D:4      | Reached XP level 6. HP: 40/53 MP: 0/9
  2238 | D:4      | Noticed Robin
  2262 | D:4      | Killed Robin
  2389 | D:4      | Learned a level 5 spell: Lee's Rapid Deconstruction
  2393 | D:4      | Learned a level 3 spell: Stone Arrow
  2474 | D:4      | Reached skill level 1 in Fighting
  2729 | D:5      | Entered Level 5 of the Dungeon
  2749 | D:5      | Reached XP level 7. HP: 49/62 MP: 7/11
  2822 | D:5      | Found a radiant altar of Vehumet.
  2933 | D:5      | Found a glowing drain.
  2942 | Sewer    | Entered a sewer
  2971 | Sewer    | Reached skill level 7 in Earth Magic
  3899 | D:5      | Reached XP level 8. HP: 57/78 MP: 8/14
  3988 | D:6      | Slain by a wight

Vault maps used:
D:1:      matt_arrival_grand_opening
D:2:      serial_bayou_pond_d, uniq_jessica
D:4:      first_ration, uniq_robin, uniq_edmund
D:5:      portal_sewer_entry_d, basic_altar
D:6:      lemuel_round_altar, minmay_temple_entry_trees,
          okawaru_metal_pillars_1_2, uniq_eustachio
Sewer:    sewer_fruit_machine

Skill      XL: |  1  2  3  4  5  6  7  8 |
---------------+-------------------------+-----
Earth Magic    | 3 4 5 6 7 |  7.5
Fighting       | 1 3 4 |  4.6
Spellcasting   | 4 |  4.7
Dodging        | |  1.7
Stealth        | |  1.4
Transmutations | |  0.8

Action                   |  1- 3 |  4- 6 |  7- 9 || total
-------------------------+-------+-------+-------++-------
Melee: Unarmed           |    27 |       |       ||    27
       Mace              |     9 |    16 |       ||    25
       Flail             |       |       |    29 ||    29
 Cast: Sandblast         |    42 |   105 |    78 ||   225
       Lee's Rapid Decon |       |       |     2 ||     2
       Stone Arrow       |       |       |     1 ||     1
Evoke: Wand              |       |       |     6 ||     6
  Use: Scroll            |     1 |     5 |     6 ||    12
       Potion            |       |     1 |     1 ||     2
  Eat: Chunk             |     1 |     6 |    15 ||    22
Armor: Robe              |    27 |    23 |    11 ||    61
Dodge: Dodged            |    33 |    48 |    31 ||   112
Block: Other             |     6 |    14 |     2 ||    22
       Reflection        |       |     2 |       ||     2

Table legend:
 A = Non-vault XP
 B = Vault XP
 C = Vault XP percentage of total XP
 D = Non-vault monster count
 E = Vault monster count
 F = Vault count percentage of total count
                 A         B        C        D         E       F
            +---------+---------+-------+---------+---------+-------
      Total |    1146 |     316 |  21.6 |     108 |      38 |  26.0
            +---------+---------+-------+---------+---------+-------
        D:1 |      35 |       0 |   0.0 |      23 |       0 |   0.0
        D:2 |     100 |      37 |  27.0 |      23 |       1 |   4.2
        D:3 |     117 |       0 |   0.0 |      13 |       0 |   0.0
        D:4 |     135 |     188 |  58.2 |      20 |      12 |  37.5
        D:5 |     442 |      14 |   3.1 |      20 |       1 |   4.8
        D:6 |     317 |       0 |   0.0 |       9 |       0 |   0.0
      Sewer |       0 |      77 | 100.0 |       0 |      24 | 100.0
            +---------+---------+-------+---------+---------+-------
